 Dungeon Crawl Stone Soup version 0.23-a0-487-gc6253629db (webtiles) character file.

91 Kriby the Digger (level 4, -2/27 HPs)
             Began as an Octopode Earth Elementalist on Dec 1, 2018.
             Slain by an ogre
             ... wielding a +0 giant spiked club
              (29 damage)
             ... on level 4 of the Dungeon.
             The game lasted 00:02:32 (3198 turns).

Kriby the Digger (Octopode Earth Elementalist)      Turns: 3198, Time: 00:02:33

Health: -2/27      AC:  1    Str:  7    XL:     4   Next: 57%
Magic:  6/8        EV: 13    Int: 18    God:
Gold:   213        SH:  2    Dex: 12    Spells: 4/8 levels left

rFire    . . .     SeeInvis .   l - +1 dagger (venom)
rCold    . . .     Gourm    .   (no shield)
rNeg     . . .     Faith    .   (helmet restricted)
rPois    .         Spirit   .   m - +2 amulet of reflection
rElec    .         Reflect  +   (no ring)
rCorr    .         Harm     .   (no ring)
MR       .....                  (no ring)
Stlth    +++.......             (no ring)
HPRegen  0.09/turn              (no ring)
MPRegen  0.11/turn              (no ring)
                                (no ring)
                                (no ring)

@: no status effects
A: almost no armour, stealthy swim, amphibious, 8 rings, constrict 8, camouflage
1, gelatinous body 1
a: no special abilities


You were on level 4 of the Dungeon.
You were not hungry.

You visited 1 branch of the dungeon, and saw 4 of its levels.

You collected 213 gold pieces.

Inventory:

Hand Weapons
 l - a +1 dagger of venom (weapon)
Missiles
 b - 174 stones (quivered)
Jewellery
 m - a +2 amulet of reflection (around mantle)
 o - a cursed -3 ring of dexterity {unknown}
Scrolls
 a - 4 scrolls of identify {unknown}
 d - a scroll of blinking {unknown}
 e - a scroll of fog {unknown}
 g - 3 scrolls of remove curse {unknown}
 i - 2 scrolls of teleportation {unknown}
 r - 2 scrolls of fear {unknown}
Potions
 f - a potion of magic {unknown}
 h - a potion of ambrosia {unknown}
 j - a potion of might {unknown}
 k - a potion of brilliance {unknown}
 n - a potion of flight {unknown}
 p - a potion of haste {unknown}
Comestibles
 c - 4 rations {@e1}
 q - 3 chunks of flesh


   Skills:
 - Level 2.0 Dodging
 - Level 2.6 Stealth
 + Level 2.9 Spellcasting
   Level 1.0 Transmutations
 * Level 4.6 Earth Magic


You had 4 spell levels left.
You knew the following spells:

 Your Spells              Type           Power        Failure   Level  Hunger
a - Sandblast             Erth           ###...       2%          1    None
d - Stone Arrow           Conj/Erth      ##....       19%         3    ###....

Your spell library contained the following spells:

 Spells                   Type           Power        Failure   Level  Hunger
 Passwall                 Tmut/Erth      ##......     8%          2    ##.....
 Petrify                  Tmut/Erth      ##......     45%         4    ####...
 Lee's Rapid Deconstruct  Erth           ###.......   56%         5    ######.


Dungeon Overview and Level Annotations

Branches:
Dungeon (4/15)
 Temple: D:4-7

Altars:
Dithmenos
Gozag
Qazlal
Ru

Annotations:
D:3 1 runed door


Innate Abilities, Weirdness & Mutations

You cannot wear most types of armour.
You are very stealthy in the water. (Stealth+)
You are amphibious.
You can wear up to eight rings at the same time.
You can use your tentacles to constrict eight enemies at once.
Your skin changes colour to match your surroundings (Stealth+).
Your rubbery body absorbs attacks. (AC +1, EV +1)


Message History

An ogre is nearby!
Casting: Sandblast (safe; 2% risk of failure)
Confirm with . or Enter, or press ? or * to list all spells.
Aiming: Sandblast (safe; 2% risk of failure)
Press: ? - help, Shift-Dir - straight line, f - ogre
Aim: an ogre, wielding a +0 giant spiked club The blast of sand hits the ogre.
The ogre is lightly wounded.
b - 175 stones
Casting: Sandblast (safe; 2% risk of failure)
Confirm with . or Enter, or press ? or * to list all spells.
Aiming: Sandblast (safe; 2% risk of failure)
Press: ? - help, Shift-Dir - straight line, f/p - ogre
Aim: an ogre, wielding a +0 giant spiked club (lightly wounded)
The blast of sand hits the ogre.
The ogre is heavily wounded.
b - 174 stones The ogre hits you with a +0 giant spiked club!!
Ouch! That really hurt!
You die...

# #.....# #.# #.
#.######### #.#
#..##^.........# #.#
................ ####.####
#####.########.. #.......#
####.........#.. #.##.##.#
......######.#.. #.##.##.#
#####.######.#.O##.##.##.#
#...........@.....##)#
#.######.#..##.##.##.# #<#
#.#..##.#..##.# #.#
#.#..##.#.###.#
#.######.#..##.#.# #.#
#...........##.#.# #.#
####........##.#.###.#
#.###.#####......(# #.#
#..#..........#


You could see an ogre.

Vanquished Creatures
  Terence (D:3)
  2 adders
  An ooze (D:2)
  A worm (D:3)
  An orc (D:4)
  2 bats
  5 giant cockroaches
  5 goblins
  5 hobgoblins
  10 kobolds
  A quokka (D:2)
  3 frilled lizards
  A leopard gecko skeleton (D:3)
  4 rats
42 creatures vanquished.

Notes
Turn   | Place    | Note
-------+----------+-------------------------------------------
     0 | D:1      | Kriby the Octopode Earth Elementalist began the quest for
                  | the Orb.
     0 | D:1      | Reached XP level 1. HP: 11/11 MP: 3/3
   299 | D:1      | Reached XP level 2. HP: 17/17 MP: 0/5
  1071 | D:2      | Found an opulent altar of Gozag.
  1327 | D:2      | Reached XP level 3. HP: 20/21 MP: 3/6
  1620 | D:2      | Found a sacrificial altar of Ru.
  1764 | D:2      | Reached skill level 4 in Earth Magic
  2105 | D:3      | Found a stormy altar of Qazlal.
  2337 | D:3      | Noticed Terence
  2343 | D:3      | Learned a level 3 spell: Stone Arrow
  2354 | D:3      | Reached XP level 4. HP: 22/27 MP: 0/8
  2360 | D:3      | Killed Terence
  2888 | D:3      | Found a runed door.
  3092 | D:4      | Found a shadowy altar of Dithmenos.
  3196 | D:4      | Noticed an ogre
  3198 | D:4      | Slain by an ogre

Vault maps used:
D:1:      co_arrival_square_in_a_square_in_a_square
D:2:      marbit_many_paths, moated_statue, nicolae_ru_the_path_less_chosen
D:3:      lemuel_crystal_altar, uniq_terence, uniq_crazy_yiuf_cottage
D:4:      grunt_dithmenos_smoke, serial_shops, shop, first_ration,
          cheibrodos_sewer_entry_bend, trog_butcher_becter

Skill      XL: |  1  2  3 |
---------------+----------+-----
Earth Magic    | 4 |  4.6
Dodging        | |  2.0
Stealth        | |  2.6
Spellcasting   | |  2.9
Transmutations | |  1.0

Action                   |  1- 3 |  4- 6 || total
-------------------------+-------+-------++-------
Melee: Dagger            |     3 |     5 ||     8
       Constrict         |     1 |     2 ||     3
       Tentacles         |     1 |     1 ||     2
 Cast: Sandblast         |    48 |    10 ||    58
       Stone Arrow       |     2 |       ||     2
  Eat: Chunk             |     5 |     2 ||     7
Dodge: Dodged            |     6 |     3 ||     9

Table legend:
 A = Non-vault XP
 B = Vault XP
 C = Vault XP percentage of total XP
 D = Non-vault monster count
 E = Vault monster count
 F = Vault count percentage of total count
                 A         B        C        D         E       F
            +---------+---------+-------+---------+---------+-------
      Total |      96 |      34 |  26.2 |      40 |       2 |   4.8
            +---------+---------+-------+---------+---------+-------
        D:1 |      16 |       0 |   0.0 |      10 |       0 |   0.0
        D:2 |      36 |       2 |   5.3 |      13 |       1 |   7.1
        D:3 |      41 |      32 |  43.8 |      16 |       1 |   5.9
        D:4 |       3 |       0 |   0.0 |       1 |       0 |   0.0
            +---------+---------+-------+---------+---------+-------
